[Event "GER-ch Youth-U18 2022"]
[Site "Willingen"]
[Date "2022.06.07"]
[Round "4.2"]
[White "Weihrauch, Jakob"]
[Black "Pubantz, Jan"]
[Result "0-1"]
[ECO "B12"]
[WhiteElo "2139"]
[BlackElo "2265"]
[Annotator "TA"]
[PlyCount "64"]
[EventDate "2022.06.05"]
[EventType "swiss"]
[EventRounds "9"]
[EventCountry "GER"]
[SourceTitle "playchess.com"]
[Source "ChessBase"]
[SourceQuality "1"]
[TimeControl "40/4500+30:900+30"]

1. e4 c6 2. d4 d5 3. e5 Bf5 4. h4 h6 5. g4 Be4 6. f3 Bh7 7. e6 Nf6 {[%emt 0:00:00] B12: Caro-Kann: Advance Variation.} 8. exf7+ Kxf7 9. f4 (9. Bh3 $5 ) 9... c5 {[%emt 0:00:00] [#] White should prevent ...Nc6. The position is equal.} 10. Nf3 $146 ({Predecessor:} 10. g5 Ne4 11. Nf3 Nc6 12. h5 Bf5 13. g6+ Ke8 14. Bd3 e6 15. Nbd2 cxd4 16. Bb5 {0-1 (36) Mohammad Fahad,R (2314)-Keymer,V (2591) Chess.com INT 2021}) 10... Nc6 11. Ne5+ Nxe5 (11... Kg8 $1 $11) 12. fxe5 Ne4 13. Qf3+ Kg8 $1 14. g5 {[%emt 0:04:31] [#]} (14. Bd3 $11 {remains equal.} Qd7 15. O-O) 14... e6 $1 $17 ({Don't do} 14... cxd4 15. Bh3 Nc5 16. O-O $14) 15. Bh3 Qd7 (15... Qe7 $15 16. gxh6 cxd4) 16. gxh6 $1 $11 {[%emt 0:03:14] aiming for Rg1.} cxd4 {[%emt 0:02:14] Strongly threatening ...Rc8.} 17. Rg1 $1 {[%emt 0:07:44] Hoping for h5.} Bf5 18. Bxf5 exf5 19. hxg7 Bxg7 20. h5 {[%emt 0:01:35] [#] And now h6 would win.} Qe7 21. h6 Qh4+ 22. Kd1 Rxh6 23. Bxh6 Qxh6 24. Qg2 ({Not} 24. Qxf5 $2 Rf8 25. Qxf8+ Kxf8 $19) 24... Re8 25. a4 Rxe5 {[%emt 0:03:33] White must now prevent ...f4. Chess con chili.} 26. Ra3 (26. Nd2 $11) 26... f4 $1 $15 {[%emt 0:01:31] Threatens to win with ...Rg5. Black is much more active.} 27. Nd2 $2 {[%emt 0:02:20][%mdl 8192] Loses the game.} (27. Rf1 $15) 27... Rg5 $19 28. Qf1 Nxd2 29. Qe1 Ne4 30. Rf1 Rg2 {[%emt 0:01:59] ( -> ...Qc6)} 31. Qb4 Qh5+ 32. Raf3 Ng5 {[%emt 0:01:12] Weighted Error Value: White=1.05/Black=0.26 (precise)} (32... d3 $142 33. cxd3 Nf2+ 34. Kc2 Nxd3+ 35. Qd2 Ne1+ 36. Rxe1 Qxf3 37. Re7 Rxd2+ 38. Kxd2 Qf2+ 39. Re2 Qd4+ 40. Ke1 f3 41. Re8+ Kf7 42. Re2 Bh6 43. Re7+ Kxe7 44. Kf1 Qxb2 45. a5 Qg2+ 46. Ke1 Qg1#) 0-1

[Event "GER-ch Youth-U18 2022"]
[Site "Willingen"]
[Date "2022.06.07"]
[Round "4.3"]
[White "Hinrichs, Paul"]
[Black "Koelle, Tobias"]
[Result "0-1"]
[ECO "E36"]
[WhiteElo "2244"]
[BlackElo "2431"]
[Annotator "TA"]
[PlyCount "86"]
[EventDate "2022.06.05"]
[EventType "swiss"]
[EventRounds "9"]
[EventCountry "GER"]
[SourceTitle "playchess.com"]
[Source "ChessBase"]
[SourceQuality "1"]
[TimeControl "40/4500+30:900+30"]

1. d4 Nf6 2. c4 e6 3. Nc3 Bb4 4. Qc2 d5 5. a3 Bxc3+ 6. Qxc3 O-O 7. Bg5 h6 {[%emt 0:00:00] E36: Nimzo-Indian: Classical: 4...d5 5 a3.} 8. Bxf6 Qxf6 9. e3 dxc4 {[%emt 0:01:13] The position is equal.} 10. Bxc4 {[%emt 0:00:45] [#]} b6 $146 ({Predecessor:} 10... c5 11. Nf3 cxd4 12. Qxd4 Qxd4 13. Nxd4 Bd7 14. Ke2 Nc6 15. Rhd1 Nxd4+ 16. Rxd4 Bc6 {1-0 (50) Doric,D (2464)-Brulic,D (2348) Sibenik 2010}) 11. Ne2 Bb7 {[%emt 0:01:32] Against d5} 12. O-O Nd7 13. Bb5 c6 14. Bxc6 Rac8 15. Bxb7 Rxc3 16. Nxc3 Qe7 17. Rad1 Nf6 18. Bf3 g5 19. e4 b5 20. e5 ({Much worse is} 20. Nxb5 g4 21. Be2 Nxe4 $17) 20... Nd7 21. Nxb5 Rb8 22. Nd6 Rxb2 ({Better is} 22... f6 $1 $14) 23. Rc1 $16 Nb6 24. Rc3 Qd7 25. Rfc1 $2 (25. Bh5 $16 {stays on course.}) 25... Qa4 $17 26. Be4 $2 (26. Rd1 $17) 26... Rd2 $1 $19 {[%emt 0:00:56] ( -> ...Rd1+)} (26... Qxd4 {gets mated.} 27. Rc8+ $1 Nxc8 28. Rxc8+ Kg7 29. Ne8+ Kh8 30. Nf6+) 27. Rc8+ Nxc8 28. Rxc8+ Kg7 29. g3 {[%emt 0:00:17] [#]} Rxd4 $2 ({Not} 29... Qxd4 30. Ne8+ Kh8 31. Nf6+ Qd8 32. Rxd8+ Rxd8 33. a4 $16) (29... h5 $1 $19 {and Black stays clearly on top.} 30. Ne8+ Kh6) 30. Bc2 $2 (30. Ne8+ $17 Qxe8 31. Rxe8 Rxe4 32. Rc8) 30... Qd7 {[%emt 0:00:47] White must now prevent ...Rxd6.} 31. Rb8 (31. Ne8+ $142 Kf8 32. Nd6+ Ke7 33. Rb8 Rxd6 34. exd6+ Qxd6 35. Rb7+ Kf6 36. Rb3) 31... Rxd6 32. exd6 Qxd6 {[%emt 0:00:06][%mdl 4096] Endgame KQ-KRB} 33. Rb4 Qd2 34. Ba4 Qc1+ 35. Kg2 Qxa3 36. Re4 Qc5 {[%emt 0:00:35] aiming for ...Qd5.} 37. Bb3 Qc6 38. f3 Qc3 39. Ba4 Qd2+ 40. Kh3 f5 (40... Qf2 $142 41. Bb5 Qxf3 42. Rd4 Qf5+ 43. Kg2 Qxb5 44. Kf3 a5 45. Rd2 a4 46. h4 Qb3+ 47. Ke2 a3 48. hxg5 hxg5 49. Rd1 a2 50. Re1 Qxg3 51. Rc1 Qe5+ 52. Kd3 a1=Q 53. Rxa1 Qxa1 54. Kd2 Qd4+ 55. Kc2 g4 56. Kb3 g3 57. Ka3 g2 58. Kb3 g1=Q 59. Ka3 Qc1+ 60. Kb3 Qdc4#) 41. Rc4 Qe2 {[%emt 0:15:16][%csl LRc4,LRf3][%cal Re2f1] Black mates.} 42. Rc7+ Kf6 43. Bc6 Qf1# {[%emt 0:00:05] Weighted Error Value: White=1.03/Black=0.40} 0-1

[Event "GER-ch Youth-U18 2022"]
[Site "Willingen"]
[Date "2022.06.07"]
[Round "4.4"]
[White "Dahl, Christoph"]
[Black "Dobrikov, Marco"]
[Result "1-0"]
[ECO "B97"]
[WhiteElo "2368"]
[BlackElo "2234"]
[Annotator "TA"]
[PlyCount "133"]
[EventDate "2022.06.05"]
[EventType "swiss"]
[EventRounds "9"]
[EventCountry "GER"]
[SourceTitle "playchess.com"]
[Source "ChessBase"]
[SourceQuality "1"]
[TimeControl "40/4500+30:900+30"]

1. e4 c5 2. Nf3 d6 3. d4 cxd4 4. Nxd4 Nf6 5. Nc3 a6 6. Bg5 e6 7. f4 Qb6 8. Nb3 Nbd7 9. Qf3 {[%emt 0:00:00] 9.Qe2 might become the main line.} Qc7 10. O-O-O b5 11. a3 {[%emt 0:01:56] B97: Sicilian Najdorf: Poisoned Pawn.} Rb8 12. Bxf6 Nxf6 13. g4 {[%emt 0:00:13][%cal Bg2g4,Bg4g5][%mdl 32] The position is equal.} Be7 {[%emt 0:00:00][%cal Od6d5] [#]} 14. Bd3 $146 ({Predecessor:} 14. Bg2 b4 15. axb4 Rxb4 16. Rd4 Rb6 17. Qe2 O-O 18. Rd3 a5 19. Rh3 Ba6 20. Qf3 {0-1 (27) Vos,T (1754)-Beerdsen,T (1956) Haarlem 2010}) 14... b4 15. axb4 Rxb4 16. g5 Nd7 17. h4 Nc5 18. Nxc5 Qxc5 19. h5 (19. Rdf1 $11) 19... Bd7 ({Black should play} 19... O-O $17) 20. g6 fxg6 (20... O-O $1 $15) 21. hxg6 $11 h6 22. Rh5 Qb6 23. b3 O-O (23... Rf8 $11 {keeps the balance.}) 24. Bc4 {[%emt 0:02:59] White is more active.} ({White should try} 24. Qh3 $1 $16 {[%cal Oh5h6] Black must now prevent Rxh6!} Rxf4 25. Nd5 exd5 26. Qxd7) 24... Rxc4 $1 25. bxc4 Be8 26. Qg3 (26. Qh3 $5 Bxg6 27. Qxe6+ Bf7 28. Qxe7 $1 Qe3+ 29. Kb2 Bxh5 30. Qe6+ (30. Rxd6 $2 Rb8+ 31. Nb5 axb5 $19) 30... Kh7 31. Qxd6 $11) 26... Bf6 27. c5 (27. e5 dxe5 28. f5 (28. fxe5 Be7 $17) 28... e4 29. Nxe4 Bb2+ 30. Kd2 exf5 $15) (27. Rd3 $11) 27... Qb4 $17 28. Rd3 dxc5 29. f5 (29. Rh3 $17) 29... c4 $19 30. Rf3 Bc6 $2 {[%emt 0:01:39] This bishop pair is nice.} (30... Qa5 $1 $19 {aiming for ...Bc6.} 31. Kd1 Ba4) 31. fxe6 $15 Rd8 {[%emt 0:09:53] ( -> ...Qa3+)} (31... Bxe4 $5 32. Nxe4 Qb2+ 33. Kd1 Rd8+ 34. Nd2 Qb1+ 35. Ke2 Qxc2 $15) 32. Nd5 $1 Qb2+ (32... Bxd5 $5 33. exd5 Rb8 $17) 33. Kd2 {[%emt 0:00:03] Qc7 is the strong threat.} Qd4+ 34. Kc1 (34. Ke1 $5 Qxe4+ 35. Re3 Qxc2 36. e7 Qb1+ 37. Kf2 $16) 34... Qb2+ ({Don't do} 34... Bxd5 35. exd5 (35. Rxd5 Rxd5 36. exd5 Bg5+ 37. Kb1 Qd1+ 38. Ka2 Qxc2+ 39. Ka1 Qa4+ 40. Kb2 Qb4+ 41. Kc2 Qd2+ 42. Kb1 Qb4+ 43. Kc2 Qd2+ 44. Kb1 Qb4+ 45. Kc2 $11) 35... Qa1+ 36. Kd2 Qd4+ 37. Ke1 $16) 35. Kd2 {[%emt 0:00:04][%cal Of3f6] Hoping for Rxf6!} Qd4+ 36. Ke1 Qxe4+ ({Not} 36... Bxd5 37. exd5 Qe4+ 38. Kf1 Qxc2 39. Rhf5 (39. Qe1 Rb8 $11) 39... Qd1+ 40. Qe1 Rxd5 41. Qxd1 Rxd1+ 42. Ke2 $16) 37. Re3 Qxc2 38. e7 Qc1+ $2 (38... Qb1+ $1 $14 39. Kf2 Rb8 40. Nxf6+ gxf6) 39. Ke2 {[%emt 0:01:12] Really sharp!} Qc2+ (39... Qb2+ {was necessary.} 40. Kf1 Rb8) 40. Ke1 Qc1+ 41. Kf2 Qd2+ $2 (41... Qb2+ 42. Kg1 Re8) 42. Kf1 $18 {[%emt 0:00:00] White threatens Qg4 and mate.} Re8 {[%emt 0:00:00] [#]} 43. Nxf6+ $2 (43. Qf3 $1 $18 Qb2 44. Re1 (44. Nxf6+ Qxf6 45. Qxf6 gxf6 $16)) 43... gxf6 $11 44. Rxh6 {[%emt 0:00:00][%cal Oh6h8] And now Rh8+! would win.} Qc1+ 45. Qe1 Qxe1+ 46. Kxe1 {[%emt 0:00:00][%mdl 4096] Endgame KRR-KRB} Kg7 47. Rh4 Kxg6 48. Rxc4 Bb5 49. Rc7 {[%emt 0:00:00] Threatens to win with Kd2.} Kf7 (49... f5 $1 $14 50. Kf2 Kf6) 50. Kd2 $16 Bf1 $2 {[%emt 0:00:00][%mdl 8192] [#]} (50... f5 $16 51. Ra7 Kf6) 51. Kc3 $1 $18 a5 52. Kd4 a4 53. Kd5 a3 54. Kd6 ({Weaker is} 54. Rxa3 Rxe7 55. Rc2 f5 $16) 54... a2 55. Ra3 Rb8 56. Rxa2 Rb6+ 57. Kc5 Rb8 58. Rh2 Re8 59. Kd6 Bd3 60. Rd2 Bf5 61. Re2 Bg4 62. Re4 Bf5 63. Rh4 Kg6 64. Rh2 (64. Rh1 $142 Kf7 65. Re1 Bg4 66. Rc4 Bh3 67. Rh4 Bf5 68. Rf4 Bd3 69. Re6) 64... Kf7 65. Re2 (65. Rh1 $18 Be4 66. Rh3) 65... Bg4 $1 66. Re1 Bf5 {[%emt 0:00:00] [#]} 67. Rd7 $1 {[%emt 0:00:20][%mdl 512] What a fight!  Weighted Error Value: White=0.40/Black=0.75} 1-0

[Event "GER-ch Youth-U18 2022"]
[Site "Willingen"]
[Date "2022.06.07"]
[Round "4.5"]
[White "Musiolik, David"]
[Black "Colbow, Collin"]
[Result "1/2-1/2"]
[ECO "A06"]
[WhiteElo "2220"]
[BlackElo "2360"]
[Annotator "TA"]
[PlyCount "66"]
[EventDate "2022.06.05"]
[EventType "swiss"]
[EventRounds "9"]
[EventCountry "GER"]
[SourceTitle "playchess.com"]
[Source "ChessBase"]
[SourceQuality "1"]
[TimeControl "40/4500+30:900+30"]

1. Nf3 d5 2. e3 c5 3. d4 e6 4. c4 cxd4 5. exd4 Nf6 6. Nc3 Be7 7. Be2 O-O 8. O-O dxc4 9. Bxc4 a6 10. a4 Nc6 11. Re1 {[%emt 0:14:12] [#]} Qb6 $146 {[%emt 0:17:49] D40: Queen's Gambit Declined: Semi-Tarrasch with 5 e3.} ({Predecessor:} 11... Nb4 12. Bg5 h6 13. Bh4 Bd7 14. Ne5 Rc8 15. Qe2 Be8 16. Rad1 Rc7 17. Bb3 Nfd5 18. Nxd5 Nxd5 19. Bxe7 Nxe7 {½-½ (48) Timofeev,A (2575)-Galkin,A (2607) chessassistantclub.com INT 2004}) 12. Qb3 Qc7 {[%emt 0:04:59] [#] And now ...Na5 would win.} 13. Bf1 h6 {[%emt 0:13:38] Black is slightly better.} 14. g3 Bd7 15. Bf4 Bd6 16. Bxd6 (16. Be5 $5 ) 16... Qxd6 17. Qa3 ({Don't go for} 17. Qxb7 $2 Rfb8 18. Qxa8 Rxa8 $19) 17... Qxa3 18. Rxa3 Rfd8 19. Rd1 Be8 20. Bg2 Rd6 21. Rb3 Na5 22. Rb4 Bc6 23. Ne5 Bxg2 24. Kxg2 Rc8 25. Rd3 Nd7 26. Nxd7 Rxd7 27. Ne4 f5 28. Nd2 Nc6 (28... e5 $5) 29. Rb6 {[%emt 0:01:00] The position is equal.} Rcd8 30. Nb3 {[%emt 0:00:48] Threatening Nc5.} e5 31. d5 Rxd5 32. Rxd5 Rxd5 33. Rxb7 Nd4 {[%emt 0:00:58] Weighted Error Value: White=0.07 (flawless) /Black=0.06 (flawless)} 1/2-1/2

[Event "GER-ch Youth-U18 2022"]
[Site "Willingen"]
[Date "2022.06.07"]
[Round "4.6"]
[White "Weishaeutel, Moritz"]
[Black "Hassemeier, Mika"]
[Result "1-0"]
[ECO "B22"]
[WhiteElo "2406"]
[BlackElo "2127"]
[Annotator "TA"]
[PlyCount "43"]
[EventDate "2022.06.05"]
[EventType "swiss"]
[EventRounds "9"]
[EventCountry "GER"]
[SourceTitle "playchess.com"]
[Source "ChessBase"]
[SourceQuality "1"]
[TimeControl "40/4500+30:900+30"]

1. e4 c5 2. c3 d5 3. exd5 Qxd5 4. d4 Nc6 5. Nf3 cxd4 6. cxd4 e6 7. Nc3 Qd8 8. Bd3 Nf6 9. O-O Be7 10. a3 O-O 11. Re1 b6 12. Bg5 Nd5 {[%emt 0:17:16] D42: Queen's Gambit Declined: Semi-Tarrasch: 5 cxd5 Nxd5 6 e3 Nc6 7 Bd3 .} 13. Bd2 {[%emt 0:10:24] Threatens to win with Nxd5.} (13. Bxh7+ {with more complications.} Kxh7 14. Nxd5 Bxg5 15. Qc2+) 13... Nxc3 14. bxc3 Bb7 {[%emt 0:01:29] The position is equal.} 15. Qc2 g6 16. Bh6 Re8 17. Qd2 Na5 {[%emt 0:04:40] [#] And now ...Bxf3 would win.} 18. Ne5 {[%emt 0:07:34] [#]} Bd6 $146 (18... f6 $11 {remains equal.} 19. Nxg6 (19. Nf3 Bd6 $15) 19... hxg6 20. Bxg6 Qd5) ({Predecessor:} 18... Nc6 19. Ng4 Qd5 20. Be4 Qh5 21. Bf3 Qa5 22. Qf4 Qf5 23. Qc7 Rab8 24. h3 Na5 25. Bxb7 Rxb7 26. Qg3 Nc4 {½-½ (66) Sahajasri,C (2151)-Mordido,K (1863) Tagaytay City 2018}) 19. Qf4 $40 {[%emt 0:07:30][%mdl 128] White attacks with force. 0x0.00207afa8c72dp-1022s more active pieces.} f6 (19... Qe7 $16 {is tougher.}) 20. Bxg6 $18 {[%emt 0:05:45][%cal Of4g4] Qg4! would kill now.} hxg6 (20... Bxe5 $142 21. Qg4 Bxh2+ 22. Kxh2 Qc7+ 23. Kg1 (23. Bf4 Qg7 $11) 23... Kh8) 21. Qg4 g5 22. Qh5 {[%emt 0:00:04] Weighted Error Value: White=0.04 (flawless) /Black=0.89} 1-0

[Event "GER-ch Youth-U18 2022"]
[Site "Willingen"]
[Date "2022.06.07"]
[Round "4.7"]
[White "Haack, Kevin"]
[Black "Weidemann, Jakob"]
[Result "1/2-1/2"]
[ECO "B77"]
[WhiteElo "2176"]
[BlackElo "2047"]
[Annotator "TA"]
[PlyCount "65"]
[EventDate "2022.06.05"]
[EventType "swiss"]
[EventRounds "9"]
[EventCountry "GER"]
[SourceTitle "playchess.com"]
[Source "ChessBase"]
[SourceQuality "1"]
[TimeControl "40/4500+30:900+30"]

1. e4 c5 2. Nf3 d6 3. d4 cxd4 4. Nxd4 Nf6 5. Nc3 g6 6. Be3 Bg7 7. f3 O-O 8. Qd2 Nc6 9. Bc4 Bd7 10. h4 Rc8 11. Bb3 h5 12. O-O-O Ne5 13. Bg5 Nc4 14. Qe2 b5 {[%emt 0:07:52] B78: Sicilian Dragon: Yugoslav Attack, 9 Bc4 Bd7 10 0-0-0 Rc8.} (14... Na5 $11 {remains equal.}) 15. Ndxb5 $16 (15. Ncxb5 {looks sharper.} Na5 16. Nc3 Rxc3 17. bxc3 Qc7 18. Qd3) 15... Bxb5 (15... Na5 $16) 16. Nxb5 $18 Nxb2 {[%emt 0:01:18] White is clearly better.} 17. e5 $2 (17. Nxa7 Nxd1 18. Rxd1 (18. Nxc8 $2 Nc3 $19) 18... Ra8 $17) ({Only move:} 17. Kxb2 $18 {e5 is the strong threat.} Nxe4+ 18. Kb1 Nxg5 19. hxg5) 17... Nxd1 $11 18. Rxd1 Re8 $2 19. exf6 {[%emt 0:21:57] 0x0.001e366ad80ddp-1022s more active pieces.} (19. Nxa7 Rc5 20. Be3 (20. exf6 exf6 21. Rxd6 Qb8 $19) 20... Rxe5 $11) (19. Qf1 $1 $16) 19... exf6 {[%emt 0:01:18] [#]} 20. Qd3 fxg5 21. Nxd6 {[%emt 0:00:06] [#]} Qb6 $146 ({Predecessor:} 21... Rf8 22. Qxg6 Qf6 23. Qxf6 Bxf6 24. Nxc8 Rxc8 25. Rd7 Rf8 26. Rxa7 gxh4 27. Rd7 Kg7 28. Kd2 Kg6 29. a4 Be5 30. Bd5 f6 31. a5 Rc8 32. a6 {1-0 (32) Jazayeri,P (1869)-Meudt,M (1994) Koblenz 1999}) 22. Bxf7+ $18 (22. Nxe8 Rxe8 23. hxg5 Kh7 $15) 22... Kf8 $2 (22... Kh8 {is a better defense.} 23. Bxe8 Rxe8) 23. Bxe8 $2 {[%emt 0:09:22] Dancing on a razor blade.} ({White must play} 23. Nxe8 $18 Be5 24. Bb3 $1 (24. Bxg6 Bb2+ 25. Kd2 Qf2+ 26. Qe2 Bc3+ 27. Kc1 Qxe2) (24. Qxg6 Bf4+ 25. Rd2 Qxg6 $17) 24... Rxe8 25. Qd5 (25. hxg5 Qc5 $14)) 23... Rxe8 $11 24. Nc4 {[%emt 0:01:09] Prevents Qb2+.} ({But not} 24. Nxe8 $2 Bb2+ 25. Kd2 Qf2+ 26. Qe2 {[#]} Bc3+ $1 27. Kxc3 Qxe2 $19) (24. Qxg6 {leads to mate.} Qb2+ 25. Kd2 Qc3+ 26. Kc1 Qa3+ 27. Kd2 Qe3#) 24... Qf6 {[%emt 0:00:55] aiming for ...Qa1+.} 25. Qd6+ Qxd6 26. Rxd6 {[%emt 0:01:51][%mdl 4096] Endgame KRB-KRN} Bc3 27. hxg5 Re2 28. Rd3 Re1+ $1 29. Rd1 Re2 30. Rd3 Re1+ $1 31. Rd1 {[%emt 0:00:02] Strongly threatening Rxe1.} Re2 32. g3 Rg2 {[%emt 0:00:39][%mdl 1024] Black has compensation.} 33. Nd6 {Weighted Error Value: White=0.76/Black=0.57} 1/2-1/2

[Event "GER-ch Youth-U18 2022"]
[Site "Willingen"]
[Date "2022.06.07"]
[Round "4.8"]
[White "Jeschke, Jan"]
[Black "Geltz, Noah"]
[Result "1-0"]
[ECO "B21"]
[WhiteElo "2130"]
[BlackElo "2156"]
[Annotator "TA"]
[PlyCount "113"]
[EventDate "2022.06.05"]
[EventType "swiss"]
[EventRounds "9"]
[EventCountry "GER"]
[SourceTitle "playchess.com"]
[Source "ChessBase"]
[SourceQuality "1"]
[TimeControl "40/4500+30:900+30"]

1. e4 c5 2. d4 cxd4 3. c3 Nf6 4. e5 Nd5 5. Nf3 e6 6. Bc4 d6 7. cxd4 Be7 8. O-O O-O 9. Qe2 Nc6 10. Nc3 Nxc3 11. bxc3 dxe5 12. dxe5 Qa5 13. Bd3 {[%emt 0:00:00] B22: Sicilian: 2 c3.} Rd8 14. Bd2 Bd7 15. Rfe1 {[%emt 0:01:30] The position is equal.} Be8 16. Qe4 g6 17. Bc2 Rac8 {[%emt 0:15:17] [#]} 18. Rac1 $146 ({Predecessor:} 18. h4 Rd5 19. Bb3 Rxd2 20. Nxd2 Qxc3 21. Nf3 Na5 22. Qf4 Nxb3 23. axb3 Qxb3 24. Rxa7 {1-0 (30) Vajda,L (2534)-Rodriguez,S (2252) Chess.com INT 2020}) 18... Qc5 19. Qg4 Rd5 20. Qg3 Qa5 21. Bb3 Rd3 22. Bc4 Rdd8 23. Bg5 Qc5 24. Bf1 Rd5 25. c4 Rd7 26. Qh4 Nd4 {[%emt 0:01:08] Black wants to play ...Nxf3+.} 27. Nd2 {[%emt 0:01:59] [#] Ne4 is the strong threat.} Nf5 28. Bxe7 Nxh4 (28... Qa5 {looks sharper.} 29. Qf4 Qxd2 30. Bg5 Qxf4 31. Bxf4 h6) 29. Bxc5 Rxd2 30. Bxa7 Rxa2 31. Ra1 Rxa1 32. Rxa1 Ra8 33. Bd4 Rxa1 34. Bxa1 $14 {[%emt 0:00:51][%mdl 4096] Endgame KBB-KBN} Bc6 35. Bc3 g5 36. f3 Kg7 37. Kf2 Ng6 38. g3 h6 39. Ke3 Kf8 40. Bd3 Ke8 41. Be2 Ne7 42. Kd4 Nf5+ 43. Kc5 h5 $2 {[%emt 0:00:00] [#] A mistake that costs the game.} (43... Kd7 $14) 44. Bd2 $1 $18 h4 $2 (44... Kd7 45. Bxg5 b6+ 46. Kxb6 Nd4) 45. g4 Ne7 46. Bxg5 Ng6 $2 (46... h3 47. Kd6 Nc8+ 48. Kc7 Ne7) 47. Kd6 h3 48. f4 Be4 49. c5 Bc6 50. f5 Nf8 51. Bf1 Nh7 52. Bh4 exf5 53. gxf5 Bg2 54. Bb5+ {[%emt 0:00:11] White mates.} Kf8 55. e6 Bc6 56. Bxc6 bxc6 57. Kd7 {[%emt 0:00:08] Weighted Error Value: White=0.06 (flawless) /Black=0.44} 1-0

[Event "GER-ch Youth-U18 2022"]
[Site "Willingen"]
[Date "2022.06.07"]
[Round "4.9"]
[White "Leonard, Timo"]
[Black "Bornholdt, Joa Max"]
[Result "1/2-1/2"]
[ECO "D28"]
[WhiteElo "2018"]
[BlackElo "2155"]
[Annotator "TA"]
[PlyCount "117"]
[EventDate "2022.06.05"]
[EventType "swiss"]
[EventRounds "9"]
[EventCountry "GER"]
[SourceTitle "playchess.com"]
[Source "ChessBase"]
[SourceQuality "1"]
[TimeControl "40/4500+30:900+30"]

1. d4 d5 2. c4 dxc4 3. e3 Nf6 4. Bxc4 e6 5. Nf3 a6 6. O-O c5 7. Qe2 b5 8. Bd3 Nc6 9. a4 c4 {[%emt 0:02:45] D28: Queen's Gambit Accepted: Classical main line: 7 Qe2 with early ...Nc6.} 10. Bc2 Bb7 11. Nc3 Qb6 {[%emt 0:06:10] White is slightly better.} 12. axb5 axb5 13. Rxa8+ Bxa8 14. e4 Nb4 15. Bb1 Be7 16. Rd1 {[%emt 0:03:08] [#]} Nd3 $146 (16... O-O $1 $11) ({Predecessor:} 16... O-O 17. e5 Bxf3 18. Qxf3 Nfd5 19. Qh3 g6 20. Ne4 Qd8 21. Qh6 f5 22. exf6 Bxf6 {1-0 (38) Pazdziora,M (2078)-Wlodarski,M (1914) Leba 2006}) 17. Bxd3 $14 cxd3 18. Qxd3 ({Don't play} 18. Rxd3 b4 19. e5 bxc3 20. exf6 cxb2 21. Bxb2 gxf6 $11) 18... b4 19. Na4 (19. e5 $5 bxc3 20. exf6 Bxf6 21. bxc3 $14) 19... Qa5 (19... Qc6 $5 20. Nc5 Nxe4 $14) 20. Nc5 Bxc5 21. dxc5 {[%emt 0:00:03] [#] aiming for Qd6.} O-O $1 22. e5 Ne4 23. Ng5 Nxg5 24. Bxg5 {[%emt 0:00:04][%cal Bc1g5,Bg5e7,Be7b4,Bb4c3][%mdl 32] next Be7 is good for White.} Qxc5 25. Qd6 Qc6 26. Qxc6 {[%emt 0:00:04] Active counter play!} Bxc6 {[%emt 0:00:02][%mdl 4096] Endgame KRB-KRB} 27. Be7 Rc8 28. Bxb4 Bd5 29. Bc3 h5 30. f3 Kh7 31. Kf2 Kg6 32. Ke3 Kf5 33. Rd4 Ra8 34. g4+ hxg4 35. Rxg4 {[%emt 0:01:51] [#] h4 is the strong threat.} g5 36. h4 gxh4 37. Rxh4 Kg6 {[%emt 0:03:28] Against Rh6+} 38. Rg4+ Kh6 39. Bb4 Rb8 40. Bc3 Ra8 $1 41. Bd4 Ra1 42. Bc5 Kh5 43. Kf4 Ra4+ 44. b4 (44. Kg3 $5 Rc4 45. Be3 $14) 44... Ra3 45. Rg3 Rc3 46. Bf8 {[%emt 0:02:27] White wants to mate with Rh3+.} Rc4+ 47. Ke3 Rc3+ 48. Kd4 Rc4+ 49. Kd3 Rc7 50. Bd6 Rc6 51. Bc5 Kh4 (51... Ra6 $142) 52. Rg4+ Kh5 53. Ke3 Ra6 54. Kf4 Ra3 55. Rg5+ Kh4 56. Bf2+ Kh3 57. Rg3+ Kh4 58. b5 Rb3 $1 59. Rg4+ {[%emt 0:01:43] Weighted Error Value: White=0.10 (very precise) /Black=0.10 (very precise)} 1/2-1/2

[Event "GER-ch Youth-U18 2022"]
[Site "Willingen"]
[Date "2022.06.07"]
[Round "4.11"]
[White "Chen, Qingzhi Alexander"]
[Black "Muller, Magnus"]
[Result "0-1"]
[ECO "B40"]
[WhiteElo "1879"]
[BlackElo "1464"]
[Annotator "NA RC COMBH"]
[PlyCount "94"]
[EventDate "2022.06.05"]
[EventType "swiss"]
[EventRounds "9"]
[EventCountry "GER"]
[SourceTitle "playchess.com"]
[Source "ChessBase"]
[SourceQuality "1"]
[TimeControl "40/4500+30:900+30"]

1. e4 c5 2. Nf3 e6 3. d4 cxd4 4. Nxd4 Nf6 5. Nc3 Nc6 6. a3 d6 7. Be3 {[%emt 0:00:00] now scores much better than the old 7.Be2.} a6 8. Be2 Be7 9. f4 Qc7 10. g4 h6 11. h4 b5 12. Bf3 Bb7 13. g5 hxg5 14. hxg5 Rxh1+ 15. Bxh1 Nd7 {[%emt 0:01:15] [#]} 16. f5 $146 ({Predecessor:} 16. Nxc6 Bxc6 17. Qd4 g6 18. O-O-O a5 19. Qh8+ Bf8 20. Bd4 b4 21. Nd5 exd5 22. exd5 {0-1 (34) Draganic,V (2321)-Erdogdu,M (2420) Petrovac 2015}) 16... Nxd4 17. Qxd4 Ne5 18. O-O-O O-O-O 19. g6 (19. Bf4 $14) 19... Bf6 20. gxf7 Qxf7 21. fxe6 Qxe6 22. Nd5 Bxd5 23. exd5 Qe7 24. c3 Nc4 25. Qg4+ Kb8 26. Bf2 {[%emt 0:05:00] [#]} Rf8 (26... Re8 $1 $17 27. Rg1 {[#]} Nxb2 $1 28. Kxb2 Qe2+ 29. Qxe2 Rxe2+ 30. Kb3 Rxf2) 27. Re1 Be5 28. Bh4 Qc7 29. Kb1 {[%emt 0:04:54] [#]} Nxa3+ $1 30. bxa3 Qxc3 31. Rxe5 Qb3+ 32. Ka1 Qxa3+ 33. Kb1 Qb3+ 34. Ka1 Qc3+ 35. Ka2 $19 dxe5 36. Qe6 Qc4+ 37. Ka3 b4+ 38. Ka4 Qa2+ 39. Kxb4 Rf4+ 40. Kc5 Qc4+ 41. Kb6 Qc7+ 42. Kxa6 Ra4+ 43. Kb5 Ra5+ 44. Kb4 Qc5+ 45. Kb3 Ra3+ 46. Kb2 Qc3+ 47. Kb1 Ra1# 0-1